mines killed 3 Tigers !

Match 23587110
End
Panzergrenadier Squad
Panzergrenadier Squad
250 Light Carrier
Construct Light Support Kompanie
Combat Half-tracks
Fire Support Elements
Selects Armored Support Battlegroup
Selects Superior Fire Drills
Flakvierling Half-track
Panzerjäger Mechanized Group
Panzerjäger Squad
2.5-tonne Medical Truck
Selects Salvage Kits
Vehicle Survival Package
Construct Panzerarmee Kommand
Flak 36 Anti-tank Gun Team
Emergency Repair Kits
Armored Reserves
Selects Panzer Storm
Rapid Advance
Selects Stuka Anti-tank Loiter
Stuka Anti-tank Loiter
Tiger Heavy Tank
Veteran Squad Leaders
Selects Flammpanzer III Medium Tank Sd.Kfz. 141
Stuka Anti-tank Loiter
Panzer IV Assault Group
Panzergrenadier Squad
Selects Command Panzer IV F Medium Tank
Panzer III L Medium Tank
Advanced Field Repairs
Rey de Hierro
➌λλλ ➌λλλ ➌λλλ
Empa
smallNhii
0
0

Comments sign in to comment!

No comments posted yet!